General information
			
			
        
        - name: BNet
 
        - type: Ladder 1vs1/FFA
 
        - host: Battle.net
 
        - saver: SimonRexCutRow
 
        
map: MeltingValley 
        - players: 2
 
        - length: 25:33
 
        - speed: Fast
 - version: 1.22 W3XP
 - replay type:  Public
 
» download(97 KB)
Players
        team 1 (loser) 
              
              
uv.luvmyshoes (
blue | 77 APM | 1960 actions | 25:32)
              
 6 Blademaster 
 3 Wind Walk
 2 Critical Strike
 1 Bladestorm
 3 Tauren Chieftain 
 2 Shockwave
 1 Endurance Aura
 
                » actions 
                
                | Basic commands | 216 |  | 
| Build / train | 73 |  | 
| Enter build submenu | 17 |  | 
| Enter hero's abilities submenu | 9 |  | 
| Give item / drop item | 3 |  | 
| Right click | 993 |  | 
| Select / deselect | 530 |  | 
| Use ability | 119 |  | 
                1960 total
 » units 
                
                | Peon | 6 |  | 
| Grunt | 15 |  | 
| Raider | 8 |  | 
| Spirit Walker | 7 |  | 
| Wind Rider | 1 |  | 
| Kodo Beast | 3 |  | 
                40 total
 » upgrades
                
                | Berserker Strength | 1 |  | 
| Ensnare | 1 |  | 
| Spirit Walker Training | 1 |  | 
| Pillage | 1 |  | 
                4 total
 » buildings
                
                | Altar of Storms | 1 |  | 
| Orc Burrow | 6 |  | 
| Voodoo Lounge | 1 |  | 
| Barracks | 1 |  | 
| Stronghold | 1 |  | 
| Beastiary | 1 |  | 
| Spirit Lodge | 2 |  | 
| War Mill | 1 |  | 
| Great Hall | 1 |  | 
                15 total
 » build order
                00:14 Altar of Storms
00:23 Orc Burrow
00:56 Voodoo Lounge
01:32 Barracks
01:52 Orc Burrow
03:19 Stronghold
04:06 Orc Burrow
06:03 Beastiary
07:26 Orc Burrow
07:28 Spirit Lodge
09:45 Orc Burrow
12:38 War Mill
15:10 Orc Burrow
15:12 Spirit Lodge
21:47 Great Hall
» items
                
                | Healing Salve | 8 |  | 
| Lesser Clarity Potion | 6 |  | 
| Scroll of Speed | 2 |  | 
| Boots of Speed | 1 |  | 
                17 total
  
               team 2 (winner) 
              
              
SimonRexCutRow (
yellow | 119 APM | 3051 actions | 25:33)
              
 6 Demon Hunter 
 3 Mana Burn
 2 Evasion
 1 Metamorphosis
 4 Pandaren Brewmaster 
 2 Breath of Fire
 2 Drunken Haze
 
                » actions 
                
                | Assign group hotkey | 34 |  | 
| Basic commands | 188 |  | 
| Build / train | 78 |  | 
| ESC pressed | 2 |  | 
| Enter build submenu | 17 |  | 
| Enter hero's abilities submenu | 11 |  | 
| Give item / drop item | 3 |  | 
| Right click | 1313 |  | 
| Select / deselect | 806 |  | 
| Select group hotkey | 485 |  | 
| Use ability | 113 |  | 
                3051 total
 » units 
                
                | Wisp | 17 |  | 
| Archer | 3 |  | 
| Dryad | 12 |  | 
| Druid of the Claw | 11 |  | 
                43 total
 » upgrades
                
                | Druid of the Claw Training | 2 |  | 
| Abolish Magic | 1 |  | 
| Strength of the Wild | 3 |  | 
| Mark of the Claw | 1 |  | 
| Reinforced Hides | 3 |  | 
                10 total
 » buildings
                
                | Altar of Elders | 1 |  | 
| Moon Well | 7 |  | 
| Ancient of War | 1 |  | 
| Tree of Ages | 1 |  | 
| Hunter's Hall | 1 |  | 
| Ancient of Lore | 4 |  | 
| Ancient of Wonders | 1 |  | 
| Tree of Eternity | 1 |  | 
| Tree of Life | 2 |  | 
                19 total
 » build order
                00:06 Altar of Elders
00:09 Moon Well
01:19 Ancient of War
01:33 Moon Well
02:53 Tree of Ages
03:05 Hunter's Hall
03:24 Moon Well
03:40 Moon Well
04:03 Moon Well
05:32 Ancient of Lore
05:35 Ancient of Lore
05:40 Ancient of Wonders
06:14 Moon Well
07:17 Tree of Eternity
14:53 Moon Well
17:07 Ancient of Lore
17:09 Ancient of Lore
17:22 Tree of Life
24:25 Tree of Life
» items
                
                | Dust of Appearance | 1 |  | 
| Staff of Preservation | 1 |  | 
| Scroll of Town Portal | 4 |  | 
| Orb of Venom | 1 |  | 
| Potion of Healing | 1 |  | 
| Potion of Lesser Invulnerability | 1 |  | 
                9 total
  
                Chat log
          
(22:45 / All) uv.luvmyshoes: ne vs orc is so gimp
(25:26 / All) uv.luvmyshoes: sigh
(25:26 / All) uv.luvmyshoes: gg